 Dungeon Crawl Stone Soup version 0.29.0 (webtiles) character file.

Game seed: 8390778056252551978

1311 catcat the Conjurer (level 8, 0/70 HPs)
             Began as a Hill Orc Fire Elementalist on Aug 31, 2022.
             Shot with a bolt by an orc warrior (8 damage)
             ... on level 5 of the Dungeon.
             The game lasted 00:19:47 (7017 turns).

catcat the Conjurer (Hill Orc Fire Elementalist)    Turns: 7017, Time: 00:19:47

Health: 0/70       AC:  7    Str: 11    XL:     8   Next: 58%
Magic:  3/11       EV: 12    Int: 17    God:
Gold:   270        SH:  0    Dex: 11    Spells: 4/11 levels left

rFire   . . .      SeeInvis .   k - +1 rapier (drain)
rCold   . . .      Faith    .   (no shield)
rNeg    . . .      Spirit   .   a - +0 robe
rPois   .          Reflect  .   (no helmet)
rElec   .          Harm     .   (no cloak)
rCorr   .          Rampage  .   d - +0 pair of gloves
Will    .....                   (no boots)
Stlth   ++........              (no amulet)
HPRegen 0.21/turn               l - +4 ring of protection
MPRegen 0.12/turn               (no ring)

@: no status effects
A: no striking features
a: no special abilities


You were on level 5 of the Dungeon.
You visited 1 branch of the dungeon, and saw 6 of its levels.

You collected 270 gold pieces.

Inventory:

Hand Weapons
 e - a +0 club
 k - a +1 rapier of draining (weapon)
Missiles
 v - a throwing net
Armour
 a - a +0 robe (worn)
 d - a +0 pair of gloves (worn)
Jewellery
 l - a +4 ring of protection (left hand)
Wands
 t - a wand of polymorph (7)
Scrolls
 c - a scroll of poison
 f - 2 scrolls of enchant weapon
 i - a scroll of noise {unknown}
 j - 2 scrolls of amnesia
 m - a scroll of teleportation
 n - a scroll of blinking {unknown}
 o - a scroll of magic mapping {unknown}
 p - a scroll of immolation {unknown}
 r - a scroll of brand weapon
 x - a scroll of torment {unknown}
 y - a scroll of vulnerability {unknown}
Potions
 b - a potion of magic
 g - a potion of might
 q - 3 potions of curing
 s - 2 potions of resistance
 u - a potion of attraction
 w - a potion of haste
 z - 2 potions of brilliance


   Skills:
 - Level 6.0 Fighting
 + Level 2.9 Dodging
 - Level 1.5 Stealth
 - Level 2.0 Spellcasting
 - Level 6.3 Conjurations
 * Level 6.3 Fire Magic


You had 4 spell levels left.
You knew the following spells:

 Your Spells              Type           Power      Damage    Failure   Level
a - Foxfire               Conj/Fire      92%        2x1d8     1%          1
b - Magic Dart            Conj           92%        1d7       1%          1
c - Scorch                Fire           46%        2d7       2%          2
d - Conjure Flame         Conj/Fire      23%        6-21      4%          3

Your spell library contained the following spells:

 Spells                   Type           Power      Damage    Failure   Level
 Flame Wave               Conj/Fire      23%        2d8       14%         4
 Inner Flame              Hex/Fire       12%        N/A       16%         3
 Mephitic Cloud           Conj/Pois/Air  8%         N/A       24%         3
 Call Imp                 Summ           1%         N/A       28%         2
 Fulminant Prism          Conj/Hex       6%         3d7       47%         4
 Iskenderun's Mystic Bla  Conj/Tloc      12%        2d5       47%         4
 Ozocubu's Armour         Ice            1%         N/A       50%         3
 Cause Fear               Hex            0%         N/A       88%         4
 Lee's Rapid Deconstruct  Erth           0%         3d5*      99%         5
 Conjure Ball Lightning   Conj/Air       6%         3x3d6     100%        6
 Ozocubu's Refrigeration  Ice            0%         4d7       100%        7
 Discord                  Hex            0%         N/A       100%        8
 Disjunction              Tloc           0%         N/A       100%        8


Dungeon Overview and Level Annotations

Branches:
Dungeon (6/15)
 Temple: D:4-7

Altars:
Kikubaaqudgha
Qazlal
Sif Muna
Trog
Uskayaw
The Shining One

Annotations:
D:4 3 runed translucent doors, Toastz's ghost, novice KoEE


Message History

Confirm with . or Enter, or press ? or * to list all spells.
Flames lash the orc warrior.
The orc warrior is burned terribly!
The orc warrior is lightly wounded.
The orc warrior shoots a bolt.
The bolt barely misses you.
Unknown command.
Casting: Scorch (safe; 2% risk of failure)
Confirm with . or Enter, or press ? or * to list all spells.
Flames lash the orc warrior.
The orc warrior is burned terribly!
The orc warrior is heavily wounded.
The orc warrior shoots a bolt.
The bolt hits you.
Unknown command.
Casting: Scorch (safe; 2% risk of failure)
Confirm with . or Enter, or press ? or * to list all spells.
Flames lash the orc warrior but do no damage.
The orc warrior shoots a bolt.
The bolt misses you.
Unknown command.
The orc warrior unwields a +4 arbalest.
The orc warrior wields a +0 vampiric long sword.
The orc warrior hits you with a +0 vampiric long sword.
The orc warrior draws strength from your wounds!
You hit the orc warrior but do no damage.
The orc warrior is moderately wounded.
The orc warrior hits you with a +0 vampiric long sword!!
* * * LOW HITPOINT WARNING * * *
The orc warrior draws strength from your wounds!
Unknown command.
The orc warrior unwields a +0 vampiric long sword.
The orc warrior wields a +4 arbalest.
The orc warrior shoots a bolt.
The bolt barely misses you.
The orc warrior shoots a bolt.
The bolt closely misses you.
The orc warrior shoots a bolt.
The bolt hits you!
* * * LOW HITPOINT WARNING * * *
You feel much better.
The orc warrior shoots a bolt.
The bolt hits you!
* * * LOW HITPOINT WARNING * * *
The orc warrior shoots a bolt.
The bolt hits you!
* * * LOW HITPOINT WARNING * * *
The orc warrior is no longer more vulnerable to fire.
The orc warrior shoots a bolt.
The bolt closely misses you.
The orc warrior shoots a bolt.
The bolt hits you!
You die...

#.###.#.####.......#.
#.........##o.#.#..#.
#.#.......#...#......
#.........#..........
###.......#.......##.
#.......#.......##.
#.#######o.........
#.#................
#.@................
####..##...........
#...............
#...............
#..#............
####............
####.........
#..........
##....>.....


You could see an orc warrior.

Vanquished Creatures
  Sigmund (D:5)
  A water moccasin (D:6)
  A black bear (D:5)
  2 ogres (D:5)
  A bullfrog (D:6)
  A gnoll sergeant (D:5)
  3 scorpions
  A vampire bat (D:3)
  A hound (D:3)
  A gnoll bouda (D:4)
  An orc priest (D:4)
  A jelly (D:5)
  2 iguanas (D:4)
  3 orc wizards (D:4)
  8 gnolls
  3 adders
  An ufetubus (D:4)
  2 worms
  3 dart slugs
  15 orcs
  5 ball pythons
  2 bat skeletons (D:3)
  2 bat zombies (D:3)
  7 endoplasms
  5 goblins
  7 hobgoblins
  3 jackals (D:3)
  3 quokkas
  6 bats
  2 frilled lizards
  2 kobolds
  3 rats
99 creatures vanquished.

Vanquished Creatures (others)
  54 foxfires
54 creatures vanquished.

Grand Total: 153 creatures vanquished

Notes
Turn   | Place    | Note
-------+----------+-------------------------------------------
     0 | D:1      | catcat the Hill Orc Fire Elementalist began the quest for
                  | the Orb.
     0 | D:1      | Reached XP level 1. HP: 14/14 MP: 3/3
   255 | D:1      | Learned a level 1 spell: Magic Dart
   327 | D:1      | Reached XP level 2. HP: 18/22 MP: 0/4
   475 | D:1      | Reached skill level 1 in Fighting
  1043 | D:2      | Reached XP level 3. HP: 29/29 MP: 1/5
  1104 | D:2      | Learned a level 2 spell: Scorch
  1740 | D:3      | Reached XP level 4. HP: 30/36 MP: 3/6
  2003 | D:3      | Found a glowing golden altar of the Shining One.
  2447 | D:3      | Found an ancient bone altar of Kikubaaqudgha.
  2700 | D:4      | Found a hide-covered altar of Uskayaw.
  2724 | D:4      | Found a bloodstained altar of Trog.
  2729 | D:4      | Reached XP level 5. HP: 45/45 MP: 4/8
  2910 | D:4      | Found a runed translucent gate.
  2910 | D:4      | Found a runed translucent gate.
  2910 | D:4      | Noticed Toastz's ghost (novice KoEE)
  2911 | D:4      | Noticed a centaur
  2942 | D:4      | Found a runed translucent gate.
  3322 | D:4      | Reached XP level 6. HP: 53/53 MP: 5/9
  3777 | D:4      | Found a shimmering blue altar of Sif Muna.
  4193 | D:4      | Reached skill level 5 in Fighting
  4513 | D:5      | Entered Level 5 of the Dungeon
  4715 | D:4      | Reached XP level 7. HP: 50/61 MP: 0/10
  4868 | D:5      | Reached skill level 5 in Fire Magic
  5198 | D:5      | Learned a level 3 spell: Conjure Flame
  5240 | D:5      | Noticed Sigmund
  5249 | D:5      | Killed Sigmund
  5250 | D:5      | Reached skill level 5 in Conjurations
  5250 | D:5      | Reached XP level 8. HP: 70/70 MP: 1/11
  5486 | D:5      | Found a stormy altar of Qazlal.
  7017 | D:5      | Shot with a bolt by an orc warrior

Illustrated notes

Levels and vault maps discovered:
D:1:      reono_arrival_forest_river, layout_loops_ring, grunt_decor_resistance
D:2:      layout_rooms
D:3:      layout_loops_ring, general_overflow_altar, kennysheep_vampire_church
D:4:      layout_rooms, mainiacjoe_overflow_catwalk,
          nicolae_overflow_hidden_temple, nicolae_overflow_crystal_walls,
          gammafunk_ghost_split, st_stairs_14
D:5:      layout_cave_pools, lemuel_coloured_pillars_altar, minmay_crystal_room,
          minivault_25, nicolae_concentric_dashed_squares_mild, uniq_sigmund
D:6:      layout_basic, kennysheep_mini, mainiacjoe_overflow_chevrons,
          mainiacjoe_overflow_cross_hatched, nicolae_temple_entry_ecumenical,
          amcnicky_mini_pool_small

Skill      XL: |  1  2  3  4  5  6  7  8 |
---------------+-------------------------+-----
Fighting       | 1 2 3 4 5 6 |  6.0
Conjurations   | 2 3 4 5 6 |  6.3
Spellcasting   | 2 |  2.0
Fire Magic     | 4 6 |  6.3
Dodging        | 2 |  2.9
Stealth        | |  1.5

Action                   |  1- 3 |  4- 6 |  7- 9 || total
-------------------------+-------+-------+-------++-------
Melee: Rapier            |    42 |    31 |     5 ||    78
 Cast: Foxfire           |    17 |    15 |     3 ||    35
       Magic Dart        |    33 |     7 |     3 ||    43
       Scorch            |     3 |    59 |    65 ||   127
       Conjure Flame     |       |       |     1 ||     1
  Use: Scroll            |     3 |     7 |     2 ||    12
       Potion            |       |       |     1 ||     1
Armor: Robe              |    23 |    50 |    15 ||    88
Dodge: Dodged            |    30 |    74 |    66 ||   170
